 Dungeon Crawl Stone Soup version 0.25-a0-1056-g2efb326896 (webtiles) character file.

Game seed: 7447087760132381291, levelgen mode: deterministic

23 Esekla the Magician (level 2, -1/17 HPs)
             Began as an Octopode Wizard on May 13, 2020.
             Slain by a bullfrog skeleton (6 damage)
             ... on level 4 of the Dungeon.
             The game lasted 00:04:18 (376 turns).

Esekla the Magician (Octopode Wizard)                Turns: 376, Time: 00:04:19

Health: -1/17      AC:  1    Str:  6    XL:     2   Next: 95%
Magic:  6/6        EV: 13    Int: 20    God:
Gold:   13         SH:  0    Dex: 10    Spells: 5/8 levels left

rFire    . . .     SeeInvis .   d - +2 short sword (venom)
rCold    . . .     Gourm    .   (no shield)
rNeg     . . .     Faith    .   a - +0 hat
rPois    .         Spirit   .   e - amulet of magic regeneration
rElec    .         Reflect  .   (no ring)
rCorr    .         Harm     .   (no ring)
MR       .....                  (no ring)
Stlth    +++.......             (no ring)
HPRegen  0.05/turn              (no ring)
MPRegen  0.35/turn              (no ring)
                                (no ring)
                                (no ring)

@: very slightly contaminated
A: almost no armour, stealthy swim, amphibious, 8 rings, constrict 8, camouflage
1, gelatinous body 1
a: no special abilities


You were on level 4 of the Dungeon.
You were not hungry.

You visited 1 branch of the dungeon, and saw 4 of its levels.

You collected 13 gold pieces.

Inventory:

Hand Weapons
 d - a +2 short sword of venom (weapon)
Armour
 a - a +0 hat (worn)
Jewellery
 e - an amulet of magic regeneration (around mantle)
Scrolls
 b - a scroll of blinking {unknown}
 g - 2 scrolls of identify {unknown}
Potions
 f - a potion of heal wounds {unknown}
Comestibles
 c - 2 rations


   Skills:
 * Level 0.1 Fighting
 * Level 0.2 Short Blades
 * Level 2.3 Dodging
 - Level 2.6 Stealth
 * Level 3.6 Spellcasting
 + Level 1.0 Conjurations
   Level 1.0 Summonings
 * Level 1.0 Translocations


You had 5 spell levels left.
You knew the following spells:

 Your Spells              Type           Power        Failure   Level  Hunger
a - Magic Dart            Conj           #...         9%          1    None
b - Blink                 Tloc           N/A          13%         2    ##.....

Your spell library contained the following spells:

 Spells                   Type           Power        Failure   Level  Hunger
 Call Imp                 Summ           #.......     14%         2    ##.....
 Slow                     Hex            #.......     21%         2    ##.....
 Conjure Flame            Conj/Fire      #.......     32%         3    ###....
 Mephitic Cloud           Conj/Pois/Air  #.......     34%         3    ###....


Dungeon Overview and Level Annotations

Branches:
Dungeon (4/15)
 Temple: D:4-7

Altars:


Innate Abilities, Weirdness & Mutations

You cannot wear most types of armour.
You are very stealthy in the water. (Stealth+)
You are amphibious.
You can wear up to eight rings at the same time.
You can use your tentacles to constrict eight enemies at once.
Your skin changes colour to match your surroundings (Stealth+).
Your rubbery body absorbs attacks. (AC +1, EV +1)


Message History

Found an emerald potion.
A bullfrog skeleton comes into view.
The helpless adder fails to defend itself.
You puncture the adder!
The adder is poisoned.
You grab the adder.
The adder is almost dead.
You constrict the adder.
You kill the adder!
You flicker for a moment.
You see here a robe.
f - a pink potion You flicker back into view.
Found a stone staircase leading up.
Found a scroll labeled COISCH ZAKAE.
You see here a scroll labeled COISCH ZAKAE.
g - 2 scrolls labeled COISCH ZAKAE (gained 1)
There is a stone staircase leading up here.
You hit the bullfrog skeleton. Your grab misses the bullfrog skeleton.
The bullfrog skeleton is lightly damaged.
The bullfrog skeleton hits you.
You die...

# .### ...
..# #.# #.#
#@# #Z# +#
##.######.#
#........!#
#.....###.##
#.###.##...##
#.###<#.....#
#....[.....##
#####.###!##


You could see a bullfrog skeleton.

Vanquished Creatures
  An adder (D:4)
  A leopard gecko (D:1)
  2 bats
  2 goblins
  A hobgoblin (D:1)
  2 jackals (D:2)
  A frilled lizard (D:1)
  2 kobolds
12 creatures vanquished.

Notes
Turn   | Place    | Note
-------+----------+-------------------------------------------
     0 | D:1      | Esekla the Octopode Wizard began the quest for the Orb.
     0 | D:1      | Reached XP level 1. HP: 11/11 MP: 4/4
   192 | D:2      | Reached XP level 2. HP: 17/17 MP: 6/6
   207 | D:2      | Learned a level 2 spell: Blink
   376 | D:4      | Slain by a bullfrog skeleton

Illustrated notes

Levels and vault maps discovered:
D:1:      psy_arrival_statuary, layout_basic
D:2:      layout_basic, first_ration, minmay_pentomino_z2, uniq_jessica
D:3:      layout_loops_ring, lemuel_doored_altar, grunt_temple_overflow_diamond
D:4:      layout_loops_corners

Action                   || total
-------------------------++-------
Melee: Short sword       ||    15
       Constrict         ||     3
 Cast: Magic Dart        ||     6
       Blink             ||     1
  Use: Potion            ||     1
 Stab: Sleeping          ||     2
Armor: Skin              ||     3
Dodge: Dodged            ||    23

Table legend:
 A = Non-vault XP
 B = Vault XP
 C = Vault XP percentage of total XP
 D = Non-vault monster count
 E = Vault monster count
 F = Vault count percentage of total count
                 A         B        C        D         E       F
            +---------+---------+-------+---------+---------+-------
      Total |      33 |       0 |   0.0 |      12 |       0 |   0.0
            +---------+---------+-------+---------+---------+-------
        D:1 |       9 |       0 |   0.0 |       5 |       0 |   0.0
        D:2 |       9 |       0 |   0.0 |       5 |       0 |   0.0
        D:3 |       2 |       0 |   0.0 |       1 |       0 |   0.0
        D:4 |      13 |       0 |   0.0 |       1 |       0 |   0.0
            +---------+---------+-------+---------+---------+-------
